 Dungeon Crawl Stone Soup version bcrawl-1.12-10-g10a67aac0f (webtiles) character file.

Game seed: 1416272225687349927

9315 MisterOstroum the Martial Artist (level 11, -12/83 HPs)
             Began as a Gnoll Transmuter on June 19, 2019.
             Was a Priest of Wu Jian.
             Shot with a bolt by a yaktaur (20 damage)
             ... on level 10 of the Dungeon.
             The game lasted 00:27:01 (10242 turns).

MisterOstroum the Martial Artist (GnTm)            Turns: 10242, Time: 00:27:01

Health: -12/83     AC:  2    Str: 14    XL:     11   Next: 44%
Magic:  23/23      EV: 29    Int: 15    God:    Wu Jian [***...]
Gold:   671        SH:  0    Dex: 23    Spells: 4/26 levels left

rFire    . . .     SeeInvis .     - Unarmed
rCold    . . .     Gourm    .   (shield currently unavailable)
rNeg     . . .     Faith    .   (armour currently unavailable)
rPois    x         Spirit   .   (helmet currently unavailable)
rElec    .         Reflect  .   (cloak currently unavailable)
rCorr    .         Harm     .   (gloves currently unavailable)
MR       .....                  (boots currently unavailable)
Stlth    ++++......             I - amulet of regeneration
HPRegen  0.63/turn              r - ring of wizardry
MPRegen  0.18/turn              (no ring)

@: spider-form
A: tiny, distributed training, strong nose
a: End Transformation, Wall Jump, Serpent's Lash, Renounce Religion


You were on level 10 of the Dungeon.
You worshipped Wu Jian.
Wu Jian was most pleased with you.
You were not hungry.
You were a venomous arachnid creature.
You visited 2 branches of the dungeon, and saw 11 of its levels.

You collected 671 gold pieces.

Inventory:

Hand Weapons
 p - a +0 halberd
 t - a +1 glaive
 E - a +2 dagger of chaos
 F - a +1 hunting sling of velocity
 N - a +3 rapier of freezing
 S - a +2 whip of electrocution
Missiles
 a - 789 arrows
 c - 2590 stones (quivered)
 u - 274 sling bullets
 z - 140 javelins
 J - 187 tomahawks
Armour
 b - a +0 robe
 s - a +0 leather armour
 x - a +0 ring mail (melded)
 G - a +3 chain mail of cold resistance
 Q - a +2 pair of gloves (melded)
 T - a +0 helmet (melded)
 V - a +0 pair of boots
Jewellery
 r - a ring of wizardry (left front leg)
 I - an amulet of regeneration (around neck)
 K - an uncursed amulet of the gourmand
Wands
 q - a wand of digging (11)
 v - a wand of enslavement (7)
 w - a wand of clouds (8)
 D - a wand of polymorph (19)
 L - a wand of disintegration (12)
 P - a wand of flame (39)
Scrolls
 f - 2 scrolls of magic mapping {unknown}
 i - 2 scrolls of blinking {@r4}
 j - a scroll of enchant weapon
 m - 3 scrolls of remove curse {@r2}
 n - 2 scrolls of teleportation
 o - 4 scrolls of immolation
 y - a scroll of fog {!r}
 A - 3 scrolls of amnesia {unknown}
 B - a scroll of enchant armour {unknown}
 C - a scroll of identify {@r1}
Potions
 d - 3 potions of lignification {@q6}
 g - 3 potions of degeneration
 h - a potion of heal wounds {@q2 !q}
 k - 4 potions of mutation
 l - 2 potions of agility
 H - a potion of might {unknown}
 M - a potion of ambrosia {unknown}
 O - 2 potions of flight {unknown}
 R - a potion of brilliance {unknown}
Comestibles
 e - 26 rations {!d}
 U - 2 chunks of flesh


   Skills:
 + Level 6.7 Fighting
 + Level 6.2 Short Blades
 + Level 6.2 Long Blades
 + Level 6.2 Axes
 + Level 6.2 Maces & Flails
 + Level 6.2 Polearms
 + Level 6.2 Staves
 + Level 6.2 Slings
 + Level 6.2 Bows
 + Level 6.2 Crossbows
 + Level 6.2 Throwing
 + Level 6.2 Armour
 + Level 7.8 Dodging
 + Level 6.2 Stealth
 + Level 6.2 Shields
 + Level 9.1 Unarmed Combat
 + Level 8.0 Spellcasting
 + Level 5.1 Conjurations
 + Level 5.1 Hexes
 + Level 5.1 Charms
 + Level 5.1 Summonings
 + Level 5.1 Necromancy
 + Level 5.1 Translocations
 + Level 6.4 Transmutations
 + Level 5.1 Fire Magic
 + Level 5.1 Ice Magic
 + Level 5.1 Air Magic
 + Level 5.1 Earth Magic
 + Level 5.1 Poison Magic
 + Level 6.8 Invocations
 + Level 6.2 Evocations


You had 4 spell levels left.
You knew the following spells:

 Your Spells              Type           Power        Failure   Level  Hunger
a - Beastly Appendage     Tmut           ####..       1%          1    None
b - Sticks to Snakes      Tmut           ####....     2%          2    None
c - Spider Form           Tmut/Pois      ###.......   4%          3    ##.....
d - Blade Hands           Tmut           ####......   19%         5    #####..
e - Ice Form              Ice/Tmut       ###.....     11%         4    ####...
f - Confuse               Hex            ###.....     5%          3    ##.....
g - Petrify               Tmut/Erth      ###.....     11%         4    ####...

Your spell library contained the following spells:

 Spells                   Type           Power        Failure   Level  Hunger
 Dazzling Spray           Conj/Hex       ###...       5%          3    ##.....
 Yara's Violent Unravell  Hex/Tmut       ###.......   11%         4    ####...
 Metabolic Englaciation   Hex/Ice        ###.......   28%         5    #####..


Dungeon Overview and Level Annotations

Branches:
Dungeon (10/12)            Temple (1/1) D:4
   Lair: D:7-10         Orc: D:8-11

Altars:
Ashenzari
Cheibriados
Dithmenos
Elyvilon
Fedhas
Gozag
Hepliaklqana
Kikubaaqudgha
Lugonu
Makhleb
Nemelex Xobeh
Okawaru
Qazlal
Ru
Sif Muna
Trog
Uskayaw
Vehumet
Wu Jian
Xom
Yredelemnul
Zin
The Shining One

Shops:
D:8 *

Annotations:
D:9 exclusion: 2 centaurs


Innate Abilities, Weirdness & Mutations

Your experience applies equally to all skills.
((You have very sharp teeth.))
Your uncanny sense of smell can sniff out nearby items.


Message History

The human unwields a +0 hunting sling.
The human hits you but does no damage.
The tengu conjurer mumbles some strange words.
The tengu conjurer conjures a globe of magical energy!
The human misses you.
A battlesphere comes into view.
You spin and attack the centaur warrior skeleton.
You bite the centaur warrior skeleton!
The centaur warrior skeleton is lightly damaged.
The centaur warrior skeleton barely misses you.
The centaur warrior skeleton completely misses you.
You spin and attack the human.
You bite the human!
The human is almost dead.
You spin and attack the centaur warrior skeleton repeatedly.
You bite the centaur warrior skeleton!
The centaur warrior skeleton is moderately damaged.
You bite the centaur warrior skeleton!
The centaur warrior skeleton is heavily damaged.
You kill the human!
The Council accepts your kill.
The human wields a +0 hunting sling.
The human shoots a stone.
The stone hits you.
The centaur warrior skeleton completely misses you.
The jelly completely misses you.
You spin and attack the jelly repeatedly.
You bite the jelly!
Your front legs burn!
The jelly is heavily wounded.
You bite the jelly!
You kill the jelly!
The Council accepts your kill.
A yaktaur comes into view.
The tengu conjurer casts a spell at you.
The bolt of lightning misses you.
You spin and attack the human.
You bite the human!
The human is moderately wounded.
A yaktaur comes into view.
The tengu conjurer mumbles some strange words.
The tengu conjurer blinks!
You spin and attack the tengu conjurer repeatedly.
You barely miss the tengu conjurer. You hit the tengu conjurer.
The tengu conjurer is lightly wounded.
The yaktaur shouts!
You hear a shout! x2
The tengu conjurer misses you. The tengu conjurer pecks you.
The tengu conjurer completely misses you.
The yaktaur wields a +0 arbalest.
The yaktaur shoots a bolt.
The bolt misses you. The centaur warrior skeleton hits you.
The yaktaur shouts! x2
You spin and attack the human.
You hit the human.
The human is poisoned.
The human is heavily wounded.
The yaktaur wields a +0 arbalest.
The yaktaur shoots a bolt.
The bolt hits you!
The yaktaur wields a +0 arbalest.
The yaktaur shoots a bolt.
The bolt hits you! The human misses you.
The tengu conjurer completely misses you.
The tengu conjurer closely misses you. x2
You spin and attack the human.
You hit the human.
The human looks as sick as possible!
The human is heavily wounded.
You spin and attack the centaur warrior skeleton.
You hit the centaur warrior skeleton.
The centaur warrior skeleton is heavily damaged.
The centaur warrior skeleton completely misses you.
You spin and attack the centaur warrior skeleton.
You bite the centaur warrior skeleton!
The centaur warrior skeleton is severely damaged.
The centaur warrior skeleton hits you.
* * * LOW HITPOINT WARNING * * *
The human unwields a +0 hunting sling.
The human completely misses you.
The centaur warrior skeleton completely misses you.
You feel much better.
The centaur warrior skeleton misses you.
The tengu conjurer hits you!
The tengu conjurer completely misses you.
The tengu conjurer closely misses you.
You spin and attack the human.
You hit the human.
The human looks even sicker.
The human is moderately wounded.
You spin and attack the human.
You hit the human.
The human is heavily wounded.
The human hits you.
The centaur warrior skeleton completely misses you.
You spin and attack the human.
You hit the human.
The human looks as sick as possible!
The human is severely wounded.
The human completely misses you.
You barely miss the human.
The human is severely wounded.
The centaur warrior skeleton closely misses you. 2 yaktaurs come into view.
The yaktaur shouts!
The yaktaur wields a cursed -2 arbalest.
The yaktaur shoots a bolt.
The bolt completely misses you.
The yaktaur wields a +0 arbalest.
The yaktaur shoots a bolt.
The bolt hits you!!
* * * LOW HITPOINT WARNING * * *
You see here a worker ant corpse.
You spin and attack the human.
You hit the human.
The human looks as sick as possible!
The human is almost dead.
You kill the human!
The Council accepts your kill.
The yaktaur shoots a bolt.
The bolt hits you!!
You die...

∆+................
.###...#............
.......##...c.......
.........*.pcc..c...
.#..............c.
##...Q##...##....
###.*#.).## .##
##)Z)..##...#
##s.......#
#.##.....#
####....## ##..##
#.# ##


You could see 4 yaktaurs, a human, a tengu conjurer, a battlesphere and a
centaur warrior skeleton.

Vanquished Creatures
  A hydra (D:8)
  A two-headed ogre (D:9)
  A cyclops (D:9)
  An orb spider (shapeshifter) (D:8)
  A manticore (D:8)
  A hornet (D:8)
  4 hippogriffs
  2 dream sheep (D:8)
  2 yaks (D:8)
  4 humans (D:10)
  Eustachio (D:6)
  Grum (D:8)
  2 sky beasts
  An orc warrior (D:8)
  5 ice beasts
  An eye of draining (D:9)
  An ogre (D:8)
  2 centaurs
  3 wolves (D:8)
  A crocodile (D:7)
  5 big kobolds (D:8)
  5 bullfrogs
  2 gnoll sergeants (D:8)
  A water moccasin zombie (D:8)
  2 wyvern zombies
  3 scorpions
  5 killer bees (D:8)
  A howler monkey (D:8)
  2 crimson imps
  A centaur zombie (D:7)
  A bullfrog zombie (D:6)
  4 jellies
  An orc priest (D:8)
  3 centaur skeletons
  3 hounds
  7 orc wizards
  2 gnoll shamans
  Ijyb (D:5)
  4 iguanas
  8 worker ants
  A killer bee zombie (D:6)
  2 hound skeletons
  A worker ant zombie (D:7)
  5 adders
  23 gnolls
  3 oozes
  2 adder zombies
  An adder skeleton (D:4)
  3 worms
  A dart slug (D:3)
  4 leopard geckos
  24 orcs
  3 bats (D:1)
  A giant cockroach (D:3)
  5 goblins (D:1)
  9 hobgoblins
  3 jackals (D:1)
  3 quokkas
  A frilled lizard (D:1)
  2 jackal skeletons
  21 kobolds
  5 rats
220 creatures vanquished.

Vanquished Creatures (others)
  2 plants (D:8)
2 creatures vanquished.

Grand Total: 222 creatures vanquished

Notes
Turn   | Place    | Note
-------+----------+-------------------------------------------
     0 | D:1      | MisterOstroum the Gnoll Transmuter began the quest for the
                  | Orb.
     0 | D:1      | Reached XP level 1. HP: 17/17 MP: 6/6
   194 | D:1      | Reached XP level 2. HP: 23/23 MP: 5/7
   290 | D:1      | Learned a level 2 spell: Sticks to Snakes
   362 | D:1      | Reached XP level 3. HP: 17/28 MP: 9/9
   378 | D:1      | Learned a level 3 spell: Spider Form
   449 | D:1      | Reached skill level 5 in Spellcasting
  1070 | D:2      | Reached skill level 1 in Invocations
  1424 | D:2      | Found a shattered altar of Ashenzari.
  1661 | D:2      | Reached skill level 1 in Short Blades
  1661 | D:2      | Reached skill level 1 in Long Blades
  1661 | D:2      | Reached skill level 1 in Axes
  1661 | D:2      | Reached skill level 1 in Maces & Flails
  1661 | D:2      | Reached skill level 1 in Polearms
  1661 | D:2      | Reached skill level 1 in Staves
  1661 | D:2      | Reached skill level 1 in Slings
  1661 | D:2      | Reached skill level 1 in Bows
  1661 | D:2      | Reached skill level 1 in Crossbows
  1661 | D:2      | Reached skill level 1 in Throwing
  1661 | D:2      | Reached skill level 1 in Armour
  1661 | D:2      | Reached skill level 1 in Stealth
  1661 | D:2      | Reached skill level 1 in Shields
  1661 | D:2      | Reached skill level 1 in Evocations
  1661 | D:2      | Reached XP level 4. HP: 19/34 MP: 7/11
  1674 | D:2      | Reached skill level 1 in Conjurations
  1674 | D:2      | Reached skill level 1 in Hexes
  1674 | D:2      | Reached skill level 1 in Charms
  1674 | D:2      | Reached skill level 1 in Summonings
  1674 | D:2      | Reached skill level 1 in Necromancy
  1674 | D:2      | Reached skill level 1 in Translocations
  1674 | D:2      | Reached skill level 1 in Fire Magic
  1674 | D:2      | Reached skill level 1 in Ice Magic
  1674 | D:2      | Reached skill level 1 in Air Magic
  1674 | D:2      | Reached skill level 1 in Earth Magic
  1674 | D:2      | Reached skill level 1 in Poison Magic
  2190 | D:3      | Reached XP level 5. HP: 38/40 MP: 8/12
  2387 | D:3      | Found a sacrificial altar of Ru.
  2520 | D:3      | Learned a level 5 spell: Blade Hands
  3247 | D:4      | Reached XP level 6. HP: 47/47 MP: 9/13
  3495 | D:4      | Found a staircase to the Ecumenical Temple.
  3559 | Temple   | Entered the Ecumenical Temple
  3654 | Temple   | Became a worshipper of the Wu Jian Council
  4057 | D:4      | Noticed a sky beast
  4079 | D:4      | HP: 2/47 [poisoned by a scorpion]
  4084 | D:4      | Killed a sky beast
  4084 | D:4      | Reached skill level 5 in Dodging
  4087 | D:4      | HP: 2/47 [poisoned by a scorpion]
  4503 | D:5      | Entered Level 5 of the Dungeon
  4662 | D:5      | Reached XP level 7. HP: 50/52 MP: 13/15
  4911 | D:5      | Reached skill level 7 in Unarmed Combat
  5174 | D:5      | Noticed Ijyb
  5210 | D:5      | Killed Ijyb
  5645 | D:6      | Noticed a hippogriff
  5665 | D:6      | Killed a hippogriff
  5794 | D:6      | Reached XP level 8. HP: 46/60 MP: 13/16
  6006 | D:6      | Found a basalt altar of Yredelemnul.
  6019 | D:6      | Noticed Eustachio
  6033 | D:6      | Killed Eustachio
  6427 | D:6      | Reached * piety under Wu Jian
  6610 | D:6      | Found a shimmering altar of Xom.
  6610 | D:6      | Found a shimmering altar of Xom.
  6611 | D:6      | Found a shimmering altar of Xom.
  6611 | D:6      | Found a shimmering altar of Xom.
  6612 | D:6      | Found a shimmering altar of Xom.
  6868 | D:7      | Got a scorched mace
  6986 | D:7      | Reached XP level 9. HP: 66/66 MP: 18/18
  6996 | D:7      | Reached skill level 5 in Transmutations
  7330 | D:7      | Reached skill level 5 in Fighting
  7581 | D:7      | Found a shimmering altar of Xom.
  7859 | D:8      | Noticed an orb spider
  7870 | D:8      | Killed an orb spider
  7870 | D:8      | Reached skill level 8 in Unarmed Combat
  7870 | D:8      | Reached skill level 5 in Invocations
  7994 | D:8      | Reached ** piety under Wu Jian
  8034 | D:8      | Reached XP level 10. HP: 31/74 MP: 20/20
  8318 | D:8      | Noticed a manticore
  8675 | D:8      | Killed a manticore
  8675 | D:8      | Reached skill level 5 in Short Blades
  8675 | D:8      | Reached skill level 5 in Long Blades
  8675 | D:8      | Reached skill level 5 in Axes
  8675 | D:8      | Reached skill level 5 in Maces & Flails
  8675 | D:8      | Reached skill level 5 in Polearms
  8675 | D:8      | Reached skill level 5 in Staves
  8675 | D:8      | Reached skill level 5 in Slings
  8675 | D:8      | Reached skill level 5 in Bows
  8675 | D:8      | Reached skill level 5 in Crossbows
  8675 | D:8      | Reached skill level 5 in Throwing
  8675 | D:8      | Reached skill level 5 in Armour
  8675 | D:8      | Reached skill level 5 in Stealth
  8675 | D:8      | Reached skill level 5 in Shields
  8675 | D:8      | Reached skill level 5 in Evocations
  8939 | D:8      | Found a hide-covered altar of Uskayaw.
  8958 | D:8      | Found a corrupted altar of Lugonu.
  9241 | D:8      | Reached *** piety under Wu Jian
  9341 | D:8      | Noticed a two-headed hydra
  9428 | D:7      | Learned a level 4 spell: Ice Form
  9432 | D:7      | Learned a level 3 spell: Confuse
  9437 | D:7      | Learned a level 4 spell: Petrify
  9491 | D:8      | Killed a two-headed hydra
  9491 | D:8      | Reached XP level 11. HP: 28/82 MP: 18/22
  9723 | D:8      | Found Deikkife's General Store.
  9729 | D:8      | Noticed Grum
  9763 | D:8      | Killed Grum
  9867 | D:9      | Noticed a two-headed ogre
  9978 | D:9      | Noticed a cyclops
  9978 | D:9      | Noticed a two-headed ogre
  9994 | D:9      | Killed a two-headed ogre
  9994 | D:9      | Reached skill level 9 in Unarmed Combat
  9994 | D:9      | Reached skill level 5 in Conjurations
  9994 | D:9      | Reached skill level 5 in Hexes
  9994 | D:9      | Reached skill level 5 in Charms
  9994 | D:9      | Reached skill level 5 in Summonings
  9994 | D:9      | Reached skill level 5 in Necromancy
  9994 | D:9      | Reached skill level 5 in Translocations
  9994 | D:9      | Reached skill level 5 in Fire Magic
  9994 | D:9      | Reached skill level 5 in Ice Magic
  9994 | D:9      | Reached skill level 5 in Air Magic
  9994 | D:9      | Reached skill level 5 in Earth Magic
  9994 | D:9      | Reached skill level 5 in Poison Magic
 10007 | D:9      | Killed a cyclops
 10205 | D:10     | Entered Level 10 of the Dungeon
 10242 | D:10     | Shot with a bolt by a yaktaur

Skill      XL: |  1  2  3  4  5  6  7  8  9 10 11 |
---------------+----------------------------------+-----
Spellcasting   | 5 6 7 8 |  8.0
Invocations    | 1 2 3 4 5 6 |  6.8
Short Blades   | 1 2 3 4 5 6 |  6.2
Long Blades    | 1 2 3 4 5 6 |  6.2
Axes           | 1 2 3 4 5 6 |  6.2
Maces & Flails | 1 2 3 4 5 6 |  6.2
Polearms       | 1 2 3 4 5 6 |  6.2
Staves         | 1 2 3 4 5 6 |  6.2
Slings         | 1 2 3 4 5 6 |  6.2
Bows           | 1 2 3 4 5 6 |  6.2
Crossbows      | 1 2 3 4 5 6 |  6.2
Throwing       | 1 2 3 4 5 6 |  6.2
Armour         | 1 2 3 4 5 6 |  6.2
Stealth        | 1 2 3 4 5 6 |  6.2
Shields        | 1 2 3 4 5 6 |  6.2
Evocations     | 1 2 3 4 5 6 |  6.2
Conjurations   | 1 2 3 4 5 |  5.1
Hexes          | 1 2 3 4 5 |  5.1
Charms         | 1 2 3 4 5 |  5.1
Summonings     | 1 2 3 4 5 |  5.1
Necromancy     | 1 2 3 4 5 |  5.1
Translocations | 1 2 3 4 5 |  5.1
Fire Magic     | 1 2 3 4 5 |  5.1
Ice Magic      | 1 2 3 4 5 |  5.1
Air Magic      | 1 2 3 4 5 |  5.1
Earth Magic    | 1 2 3 4 5 |  5.1
Poison Magic   | 1 2 3 4 5 |  5.1
Fighting       | 3 4 5 6 |  6.7
Transmutations | 4 5 6 |  6.4
Dodging        | 5 6 7 |  7.8
Unarmed Combat | 7 8 9 |  9.1

Action                   |  1- 3 |  4- 6 |  7- 9 | 10-12 || total
-------------------------+-------+-------+-------+-------++-------
Melee: Unarmed           |    77 |   104 |   237 |   265 ||   683
       Headbutt          |     2 |       |       |       ||     2
       Bite              |     2 |     3 |     1 |     5 ||    11
       Kick              |     1 |     1 |       |       ||     2
       Punch             |       |     1 |       |       ||     1
Throw: Stone             |   106 |    34 |     3 |     5 ||   148
 Cast: Beastly Appendage |    13 |     3 |     1 |       ||    17
       Spider Form       |     4 |    11 |    12 |     5 ||    32
       Sticks to Snakes  |       |     1 |     4 |       ||     5
       Blade Hands       |       |       |     2 |     5 ||     7
       Ice Form          |       |       |       |     3 ||     3
Invok: Lunge             |       |     3 |    15 |    16 ||    34
       Whirlwind         |       |       |     9 |    62 ||    71
 Abil: End Transformatio |       |       |     2 |     2 ||     4
       Wall Jump         |       |       |     3 |     7 ||    10
Evoke: Wand              |       |       |       |     1 ||     1
  Use: Scroll            |       |     8 |     1 |     5 ||    14
       Potion            |       |     1 |       |     2 ||     3
 Stab: Sleeping          |       |     3 |     7 |     4 ||    14
       Distracted        |       |       |       |     1 ||     1
  Eat: Chunk             |     2 |    11 |    12 |     7 ||    32
       Ration            |       |       |       |     1 ||     1
Armor: Robe              |     5 |     4 |       |       ||     9
       Skin              |       |     2 |     5 |     4 ||    11
       Ring mail         |       |     2 |       |    17 ||    19
Dodge: Dodged            |    56 |    62 |   181 |   222 ||   521
